 Dungeon Crawl Stone Soup version 0.15.0-27-gbdb0435 (webtiles) character file.

189 DrPain the Cutter (level 5, -1/25 HPs)
             Began as a Spriggan Assassin on Sept 11, 2014.
             Killed from afar by an orc wizard (6 damage)
             ... with a magic dart
             ... on Level 5 of the Dungeon.
             The game lasted 00:09:40 (3978 turns).

DrPain the Cutter (Spriggan Assassin)               Turns: 3978, Time: 00:09:40

HP  -1/25        AC  3     Str  7      XL: 5   Next: 40%
MP  10/10        EV 17     Int 13      God:
Gold 232         SH  0     Dex 18      Spells:  0 memorised,  4 levels left

rFire  . . .     SeeInvis +     f - +0 blowgun
rCold  . . .     Clarity  .     c - +0 robe
rNeg   . . .     rCorr    .     (shield restricted)
rPois  +         rRot     .     (helmet restricted)
rElec  .         Spirit   .     d - +0 cloak
SustAb .         Warding  .     (gloves unavailable)
rMut   .         Stasis   .     (boots unavailable)
Gourm  .                        (no amulet)
MR     .....                    v - ring of poison resistance
                                n - ring of teleport control

@: slowed, quick, not resistant to hostile enchantments, stealthy
A: unfitting armour, see invisible, herbivore 3, speed 3, slow metabolism 2
a: Evoke Teleport Control


You were on level 5 of the Dungeon.
You were hungry.

You visited 1 branch of the dungeon, and saw 5 of its levels.

You collected 232 gold pieces.

Inventory:

Hand weapons
 f - a +0 blowgun (weapon)
 w - a +3 dagger
Missiles
 b - 2 curare-tipped needles
 e - 50 poisoned needles (quivered)
Armour
 c - a +0 robe (worn)
 d - a +0 cloak (worn)
Comestibles
 k - a bread ration
Scrolls
 i - 2 scrolls of remove curse
 s - 4 scrolls of enchant armour
 t - 2 scrolls of identify
Jewellery
 n - a ring of teleport control (left hand)
 u - an uncursed ring of magical power
 v - a ring of poison resistance (right hand)
Potions
 a - a potion of degeneration {unknown}
 g - 2 potions of porridge
 h - a potion of haste {unknown}
 j - 2 potions of cancellation {unknown}
 l - a potion of brilliance {unknown}
 m - 3 potions of curing {unknown}
 o - 3 potions of heal wounds {unknown}
 p - 2 potions of restore abilities {unknown}
 q - 2 potions of poison {unknown}
 r - a potion of agility {unknown}


   Skills:
 - Level 1.5 Fighting
 + Level 6.2 Short Blades
 - Level 2.1 Throwing
 - Level 1.5 Dodging
 - Level 6.0 Stealth


You had 4 spell levels left.
You didn't know any spells.

Dungeon Overview and Level Annotations

Branches:
Dungeon (5/15)
 Temple: D:4-7

Altars:
Cheibriados
Elyvilon
Kikubaaqudgha
Trog
The Shining One

Annotations:
D:4 gw's ghost, average DDDK


Innate Abilities, Weirdness & Mutations

You are tiny and cannot use many weapons and most armour.
You have supernaturally acute eyesight.
You are a herbivore.
You cover ground extremely quickly.
You need consume almost no food.


Message History

Aim: an orc wearing a chain mail (heavily wounded, poisoned)
You shoot a poisoned needle.
The poisoned needle hits the orc wizard!
The orc wizard looks even sicker.
The orc wizard points at you and mumbles some strange words.
The magic dart hits you!
* * * LOW HITPOINT WARNING * * *
Firing (i - inventory. (,) - cycle):
e - 51 poisoned needles (quivered)
Press: ? - help, Shift-Dir - straight line, f/p - orc
Aim: an orc wearing a chain mail (heavily wounded, poisoned)
You shoot a poisoned needle.
The poisoned needle barely misses the orc.
The poisoned needle barely misses the orc wizard.
The poisoned needle hits the orc.
The orc looks even sicker.
The orc is almost dead.
You kill the orc!
You kill the orc!
The orc wizard casts a spell at you. The magic dart hits you!
You die...

####.#.##...........#
#......)...##.####..#
#.##(#.......(# #.. #
#.########## #..# #o#
#... # #.# #.## ##.
#[# #.#
####...#.##### ##.##
#.......@....# #....
#.##....####.# #..##
#....... #.# #..#
#.#####.##.#####
#..## # #...(....#
#.... #.#..###.#
#.### #....# #.# #.#
#)...# #.# #.#
........#### #.# #.#


You could see an orc wizard.

Vanquished Creatures
  An orc wizard (D:5)
  6 adders
  6 worms
  3 giant geckos
  9 orcs
  5 giant cockroaches
  3 goblins
  7 hobgoblins
  4 jackals (D:3)
  A quokka (D:5)
  A ball python (D:2)
  7 bats
  A giant newt (D:2)
  A hobgoblin zombie (D:4)
  10 kobolds
  8 rats
73 creatures vanquished.

Notes
Turn   | Place    | Note
--------------------------------------------------------------
     0 | D:1      | DrPain, the Spriggan Assassin, began the quest for the Orb.
     0 | D:1      | Reached XP level 1. HP: 10/10 MP: 2/2
   272 | D:1      | Reached XP level 2. HP: 14/14 MP: 4/4
   457 | D:1      | Reached skill level 6 in Stealth
  1383 | D:2      | Reached XP level 3. HP: 6/18 MP: 6/6
  1694 | D:2      | Found a snail-covered altar of Cheibriados.
  2207 | D:2      | Reached XP level 4. HP: 11/22 MP: 8/8
  2499 | D:3      | Reached skill level 5 in Short Blades
  3105 | D:3      | Reached XP level 5. HP: 19/25 MP: 10/10
  3189 | D:3      | Found an ancient bone altar of Kikubaaqudgha.
  3464 | D:4      | Noticed gw's ghost (average DDDK)
  3676 | D:5      | Entered Level 5 of the Dungeon
  3842 | D:5      | Found a white marble altar of Elyvilon.
  3845 | D:5      | Found a glowing golden altar of the Shining One.
  3847 | D:5      | Found a bloodstained altar of Trog.
  3978 | D:5      | Killed from afar by an orc wizard

Action                   |  1- 3 |  4- 6 || total
-------------------------+-------+-------++-------
Melee: Dagger            |   115 |   112 ||   227
 Fire: Blowgun           |       |    26 ||    26
  Use: Scroll            |     6 |     2 ||     8
 Stab: Sleeping          |    10 |     5 ||    15
       Distracted        |     1 |     1 ||     2
